 Dungeon Crawl Stone Soup version 0.29-a0-384-g6960b1960d (webtiles) character file.

Game seed: 3383234088439193539

293 bastard the Magician (level 6, -1/40 HPs)
             Began as a Djinni Fire Elementalist on May 6, 2022.
             Slain by a lemure (7 damage)
             ... led by Pikel
             ... on level 4 of the Dungeon.
             The game lasted 00:05:18 (3483 turns).

bastard the Magician (Djinni Fire Elementalist)     Turns: 3483, Time: 00:05:19

Health: -1/40      AC:  4    Str:  7    XL:     6   Next: 60%
Gold:   148        EV: 12    Int: 19    God:
                   SH:  0    Dex: 13

rFire   + + .      SeeInvis .   l - +10 mace "Kyucy" {vorpal, rC+}
rCold   . . .      Faith    .   (no shield)
rNeg    . . .      Spirit   .   a - +0 robe
rPois   ∞          Reflect  .   b - +2 hat
rElec   .          Harm     .   (no cloak)
rCorr   .          Rampage  .   (no gloves)
Will    .....                   (boots unavailable)
Stlth   ++........              (no amulet)
HPRegen 0.13/turn               (no ring)
MPRegen 0.00/turn               (no ring)

@: flying, very slightly contaminated, hasted, very quick
A: sickness immunity, fire resistance 2, cold vulnerability 1, float, innate
caster, HP casting, extra vitality 1
a: no special abilities


You were on level 4 of the Dungeon.
You visited 1 branch of the dungeon, and saw 4 of its levels.

You collected 148 gold pieces.

Inventory:

Hand Weapons
 l - the +10 mace "Kyucy" (weapon) {vorpal, rC+}
   (You found it on level 3 of the Dungeon)

   It inflicts extra damage upon your enemies.
   rC:        It protects you from cold.
Armour
 a - a +0 robe (worn)
 b - a +2 hat (worn)
Jewellery
 i - a +4 ring of evasion
 j - a +6 ring of strength
Potions
 f - 2 potions of brilliance
 h - a potion of attraction {unknown}
 m - 2 potions of degeneration
 n - a potion of cancellation {unknown}


   Skills:
 - Level 2.1 Dodging
 - Level 1.5 Stealth
 + Level 5.3 Spellcasting


You couldn't memorise any spells.
You knew the following spells:

 Your Spells              Type           Power      Damage    Failure   Level
a - Foxfire               Conj/Fire      100%       2x1d9     1%          1
b - Scorch                Fire           50%        2d7       1%          2
c - Conjure Flame         Conj/Fire      25%        6-21      4%          3
d - Inner Flame           Hex/Fire       25%        N/A       4%          3
e - Flame Wave            Conj/Fire      25%        2d7       13%         4
f - Slow                  Hex            100%       N/A       1%          1
g - Wereblood             Tmut           25%        N/A       1%          2
Your spell library was empty.

Dungeon Overview and Level Annotations

Branches:
Dungeon (4/15)
 Temple: D:4-7

Altars:
Yredelemnul

Shops:
D:4 ((

Annotations:
D:4 1 transporter, Pikel; Stoinky's ghost, novice MiAK


Innate Abilities, Weirdness & Mutations

You are immune to sickness and miasma.
You are immune to poison.
Your flesh is very heat resistant. (rF++)
You are vulnerable to cold. (rC-)
You float through the air rather than walking.
You learn spells naturally, not from books.
Your magical power is your life essence.
You have superior vitality. (+4 MHP)


Message History

You conjure some foxfire!
The foxfire hits Pikel.
Pikel is heavily wounded.
The foxfire hits Pikel but does no damage.
Pikel is heavily wounded.
The lemure hits you. Pikel closely misses you.
You conjure some foxfire!
The foxfire hits Pikel.
Pikel is severely wounded.
The foxfire hits Pikel.
Pikel is severely wounded.
The lemure hits you but does no damage.
Pikel hits you with a +0 whip of freezing!
Pikel freezes you.
The foxfire hits the lemure.
The lemure is lightly wounded.
Casting: Foxfire (safe; 1% risk of failure)
Confirm with . or Enter, or press ? or * to list all spells.
The spell is quite dangerous to miscast (13% risk of failure)!
Continue anyway?
Casting: Flame Wave (quite dangerous; 13% risk of failure)
Press: ? - help, Dir - look around, f - activate You miscast Flame Wave.
You are very lightly contaminated with residual magic.
Nothing appears to happen.
The foxfire hits Pikel.
Pikel is almost dead.
A kobold comes into view. It is wielding a +0 whip.
The lemure hits you.
Pikel hits you with a +0 whip of freezing!
* * * LOW HITPOINT WARNING * * *
Pikel freezes you.
* * * LOW HITPOINT WARNING * * *
You feel better. The lemure hits you.
* * * LOW HITPOINT WARNING * * *
The lemure hits you.
* * * LOW HITPOINT WARNING * * *
Pikel barely misses you.
You feel better.
Pikel hits you with a +0 whip of freezing.
* * * LOW HITPOINT WARNING * * *
Pikel freezes you.
* * * LOW HITPOINT WARNING * * *
You feel yourself speed up. The lemure closely misses you. The lemure hits you!
You die...

#.... #....#####
#....#...#
#....#...#
#....#...#
#.>..#...#
#..).....##
####..55.#...#
......K@.###.#
......55## #)##
......### #∩.###
.....# #####....##
..... ...........#
### ....
...........#####≈≈
..#
#########...##.###
.. #....#...#
..zz#..#......


You could see Pikel and 4 lemures.

Vanquished Creatures
  Eustachio (D:4)
  A hound (D:4)
  4 adders
  A gnoll (D:1)
  A worm (D:2)
  2 dart slugs
  3 orcs
  5 bats
  5 endoplasms
  4 giant cockroaches
  9 goblins
  7 hobgoblins
  4 kobolds
  A quokka (D:2)
  4 ball pythons
  3 frilled lizards
  4 rats
59 creatures vanquished.

Vanquished Creatures (others)
  242 foxfires
242 creatures vanquished.

Grand Total: 301 creatures vanquished

Notes
Turn   | Place    | Note
-------+----------+-------------------------------------------
     0 | D:1      | bastard the Djinni Fire Elementalist began the quest for
                  | the Orb.
     0 | D:1      | Reached XP level 1. HP: 15/15 MP: 0/0
   283 | D:1      | Reached XP level 2. HP: 19/21 MP: 0/0
   448 | D:1      | Reached skill level 3 in Spellcasting
   476 | D:1      | Reached XP level 3. HP: 21/25 MP: 0/0
   476 | D:1      | Learned a level 1 spell: Slow
   848 | D:1      | Found a faded altar of an unknown god.
  1630 | D:2      | Reached XP level 4. HP: 27/31 MP: 0/0
  2193 | D:2      | Found a basalt altar of Yredelemnul.
  2549 | D:3      | Identified the +10 mace "Kyucy" {vorpal, rC+}
  2877 | D:4      | Noticed Eustachio
  2892 | D:4      | Reached skill level 4 in Spellcasting
  2906 | D:4      | Killed Eustachio
  2907 | D:4      | Reached skill level 5 in Spellcasting
  2907 | D:4      | Reached XP level 5. HP: 10/35 MP: 0/0
  2907 | D:4      | Learned a level 2 spell: Wereblood
  2907 | D:4      | Reached XP level 6. HP: 11/40 MP: 0/0
  3154 | D:4      | Noticed Stoinky's ghost (novice MiAK)
  3372 | D:4      | Found Jaiphaorgh's Weapon Shop.
  3429 | D:4      | Found a transporter.
  3432 | D:4      | Found Budav's Weapon Shop.
  3471 | D:4      | Noticed Pikel
  3483 | D:4      | Slain by a lemure

Illustrated notes

Levels and vault maps discovered:
D:1:      mrwooster_arrival_statue_2, layout_basic,
          shapermc_ecumenical_altar_petra
D:2:      layout_basic, basic_altar
D:3:      layout_basic
D:4:      layout_rooms, serial_shops, shop, nicolae_stop_n_shop_1, serial_glass,
          glass_columns_b, glass_columns_a, gammafunk_ghost_mausoleum,
          chequers_serial_rivers_micro_b, minmay_misc_feat_doors, uniq_pikel,
          uniq_eustachio, uniq_edmund, uniq_crazy_yiuf_cottage

Skill      XL: |  1  2  3  4 |
---------------+-------------+-----
Spellcasting   | 3 5 |  5.3
Dodging        | |  2.1
Stealth        | |  1.5

Action                   |  1- 3 |  4- 6 || total
-------------------------+-------+-------++-------
 Cast: Foxfire           |    42 |   100 ||   142
       Slow              |     2 |       ||     2
  Use: Scroll            |       |     9 ||     9
       Potion            |       |     4 ||     4
Armor: Robe              |     2 |     5 ||     7
Dodge: Dodged            |     3 |    11 ||    14

Table legend: (Time is in decaauts)
 A = Elapsed time spent in this place.
 B = Non-inter-level travel time spent in this place.
 C = Inter-level travel time spent in this place.
 D = Time resting spent in this place.
 E = Time spent auto-exploring this place.
 F = Levels seen in this place.
 G = Mean time per level.
                   A        B        C        D        E       F      G
               +--------+--------+--------+--------+--------+-----+--------+
         Total |   3482 |   3463 |     19 |      0 |   3059 |   4 |  870.5 |
       Dungeon |   3482 |   3463 |     19 |      0 |   3059 |   4 |  870.5 |
               +--------+--------+--------+--------+--------+-----+--------+

Top non-repeatable levels by time:
     D:1: 1553 daAuts
     D:2: 890 daAuts
     D:3: 650 daAuts
     D:4: 388 daAuts
